[Event "EYCC Open-U14 2019"]
[Site "Bratislava"]
[Date "2019.08.10"]
[Round "9.18"]
[White "Wernberg, Hugo"]
[Black "Razafindratsima, Timothe"]
[Result "0-1"]
[ECO "B94"]
[WhiteElo "1963"]
[BlackElo "2178"]
[Annotator "NA"]
[PlyCount "104"]
[EventDate "2019.08.02"]
[EventType "swiss"]
[EventCountry "SVK"]
[SourceTitle "playchess.com"]
[Source "ChessBase"]
[SourceQuality "1"]
[TimeControl "40/5400+30:1800+30"]

1. e4 c5 2. Nf3 d6 3. d4 cxd4 4. Nxd4 Nf6 5. Nc3 a6 6. Bg5 Nbd7 7. Qe2 e5 8. Nf5 h6 9. Bxf6 Nxf6 10. Ne3 Be7 11. O-O-O Be6 12. Ned5 O-O 13. g3 b5 14. Qd2 b4 15. Nxf6+ Bxf6 16. Nd5 Bxd5 17. Qxd5 Qb6 18. Bc4 a5 19. Rhf1 Qc7 20. b3 Rfd8 21. Kb1 a4 22. Rd2 Ra5 23. Qd3 axb3 24. cxb3 Qa7 25. Qe2 Rc5 26. Rfd1 Rc6 27. Rc2 Rdc8 28. f3 Bd8 29. Qd3 Bb6 30. Rdc1 Bc5 31. Bd5 R6c7 32. Rd1 Qa3 33. Qe2 Bd4 34. Rxc7 Rxc7 35. Bc4 Rxc4 36. bxc4 b3 37. Rxd4 exd4 38. axb3 Qxb3+ 39. Kc1 Qc3+ 40. Kd1 h5 41. f4 d3 42. Qa2 Kh7 43. e5 dxe5 44. fxe5 Qxe5 45. Qf2 Qa1+ 46. Kd2 Qb2+ 47. Ke3 Qb6+ 48. Kf3 Qc6+ 49. Ke3 Qc5+ 50. Kf3 Qxc4 51. Qe3 Qd5+ 52. Kf2 d2 0-1

[Event "EYCC Open-U14 2019"]
[Site "Bratislava"]
[Date "2019.08.10"]
[Round "9.19"]
[White "Bochnicka, Vladimir"]
[Black "Kristoferitsch, Daniel"]
[Result "1/2-1/2"]
[ECO "C54"]
[WhiteElo "2169"]
[BlackElo "2108"]
[Annotator "NA"]
[PlyCount "126"]
[EventDate "2019.08.02"]
[EventType "swiss"]
[EventCountry "SVK"]
[SourceTitle "playchess.com"]
[Source "ChessBase"]
[SourceQuality "1"]
[TimeControl "40/5400+30:1800+30"]

1. e4 e5 2. Nf3 Nc6 3. Bc4 Bc5 4. c3 Nf6 5. d3 d6 6. Nbd2 O-O 7. O-O a5 8. a4 Be6 9. Bb3 Bxb3 10. Qxb3 Qb8 11. Nc4 Qa7 12. Be3 Bxe3 13. Nxe3 Ne7 14. Nh4 g6 15. Qd1 Kg7 16. h3 d5 17. Qf3 dxe4 18. dxe4 Qc5 19. Rad1 Rad8 20. Ng4 Nxg4 21. Qxg4 Qc6 22. f4 Rxd1 23. Rxd1 Qxe4 24. Rd7 Ng8 25. fxe5 Qe1+ 26. Kh2 Qxe5+ 27. Qg3 Qxg3+ 28. Kxg3 Rc8 29. Nf3 Nf6 30. Re7 Ne8 31. Re5 Ra8 32. Kf4 Nd6 33. Rc5 c6 34. Nd4 Kf6 35. g4 h6 36. h4 Ke7 37. Nb3 Kd7 38. Rxa5 Rxa5 39. Nxa5 b6 40. Nb3 Nc4 41. a5 bxa5 42. Nc5+ Kd6 43. Ne4+ Ke6 44. b3 Nd6 45. Nc5+ Kd5 46. Nd7 f5 47. g5 Ke6 48. Ne5 hxg5+ 49. hxg5 Ne4 50. Nxc6 Nxc3 51. Nxa5 Nd5+ 52. Kf3 Nb4 53. Nc4 Nd5 54. Kg3 Nc7 55. Kf4 Nd5+ 56. Kf3 Nc7 57. Ke3 Kd5 58. Nd2 Kc5 59. Nf3 Ne6 60. Nh4 Nxg5 61. Nxg6 f4+ 62. Nxf4 Kb4 63. Ne2 Kxb3 {[%emt 0:00:09] Ke4} 1/2-1/2

[Event "EYCC Open-U14 2019"]
[Site "Bratislava"]
[Date "2019.08.10"]
[Round "9.20"]
[White "Antal, Hunor-Zoltan"]
[Black "Fule, Simon"]
[Result "0-1"]
[ECO "C77"]
[WhiteElo "1980"]
[BlackElo "2184"]
[Annotator "NA"]
[PlyCount "90"]
[EventDate "2019.08.02"]
[EventType "swiss"]
[EventCountry "SVK"]
[SourceTitle "playchess.com"]
[Source "ChessBase"]
[SourceQuality "1"]
[TimeControl "40/5400+30:1800+30"]

1. e4 e5 2. Nf3 Nc6 3. Bb5 a6 4. Ba4 Nf6 5. d3 d6 6. c4 g6 7. Nc3 Bg7 8. O-O O-O 9. h3 h6 10. Be3 Be6 11. Qe2 Nd7 12. Bxc6 bxc6 13. d4 f5 14. d5 cxd5 15. cxd5 Bf7 16. Rfd1 f4 17. Bd2 g5 18. Ne1 h5 19. Rac1 Nf6 20. Qc4 g4 21. hxg4 hxg4 22. Ne2 c5 23. b4 Be8 24. Nc3 cxb4 25. Qxb4 Nh5 26. f3 Rb8 27. Qc4 Qb6+ 28. Kh2 g3+ 29. Kh1 Rf6 30. Rb1 Bb5 31. Nxb5 axb5 32. Qc6 Qa7 33. Bc3 Rh6 34. Bd4 exd4 35. Nd3 Qxa2 36. Rb2 Qa8 37. Rxb5 Rc8 38. Qb6 Nf6+ 39. Kg1 Nd7 40. Qb7 Qxb7 41. Rxb7 Nc5 42. Rc1 Ra8 43. Nxc5 dxc5 44. Re7 Kf8 45. Rc7 d3 0-1

[Event "EYCC Open-U14 2019"]
[Site "Bratislava"]
[Date "2019.08.10"]
[Round "9.24"]
[White "Sahakyan, Aleks"]
[Black "Czernek, Tymon"]
[Result "0-1"]
[ECO "B30"]
[WhiteElo "1856"]
[BlackElo "2003"]
[Annotator "NA RC"]
[PlyCount "58"]
[EventDate "2019.08.02"]
[EventType "swiss"]
[EventCountry "SVK"]
[SourceTitle "playchess.com"]
[Source "ChessBase"]
[SourceQuality "1"]
[TimeControl "40/5400+30:1800+30"]

1. e4 c5 2. Nf3 Nc6 3. Bb5 a6 4. Bxc6 bxc6 5. O-O d6 6. Re1 e5 7. h3 Be7 8. c3 Bf6 9. d4 cxd4 10. cxd4 exd4 11. Nxd4 Ne7 12. Nc3 O-O 13. Bf4 Qb6 14. Nb3 Be5 15. Bxe5 dxe5 16. Qd6 Ng6 17. Nd5 Qb7 18. Nc5 Qxb2 19. Rab1 Qxa2 20. Nb6 Ra7 21. Qxc6 Be6 22. Nbd7 Rd8 23. Red1 Bxd7 24. Nxd7 Raxd7 25. Qxd7 Rxd7 26. Rb8+ Nf8 27. Rxd7 g6 28. Rdd8 Qa1+ 29. Kh2 Qa3 0-1

[Event "EYCC Open-U14 2019"]
[Site "Bratislava"]
[Date "2019.08.10"]
[Round "9.31"]
[White "Poltorak, Sebastian"]
[Black "Nareks, Matic"]
[Result "1-0"]
[ECO "A41"]
[WhiteElo "2068"]
[BlackElo "1937"]
[Annotator "NA RC"]
[PlyCount "75"]
[EventDate "2019.08.02"]
[EventType "swiss"]
[EventCountry "SVK"]
[SourceTitle "playchess.com"]
[Source "ChessBase"]
[SourceQuality "1"]
[TimeControl "40/5400+30:1800+30"]

1. d4 d6 2. c4 e5 3. Nc3 exd4 4. Qxd4 Nc6 5. Qd2 Nf6 6. b3 a5 7. Bb2 a4 8. Rd1 axb3 9. axb3 Be6 10. e4 g6 11. g3 Bg7 12. Bg2 O-O 13. Nge2 Re8 14. O-O Nd7 15. h3 Nc5 16. Nc1 f5 17. Rfe1 Qd7 18. exf5 Bxf5 19. g4 Be6 20. Nd5 Ne5 21. f4 Nxb3 22. Qc3 Nxc1 23. Rxc1 Nf3+ 24. Qxf3 Bxb2 25. Rcd1 Bg7 26. c5 Kh8 27. cxd6 Qxd6 28. Ne3 Bd4 29. Kh1 Ra3 30. Nc4 Bxc4 31. Rxe8+ Kg7 32. Qe4 c5 33. Qxb7+ Bf7 34. Re7 Qxf4 35. Rf1 Bf2 36. Rxf7+ Qxf7 37. Qb2+ Qf6 38. Qxa3 1-0

[Event "EYCC Open-U14 2019"]
[Site "Bratislava"]
[Date "2019.08.10"]
[Round "9.33"]
[White "Shoshin, Kirill"]
[Black "Hulka, Valentyn"]
[Result "1/2-1/2"]
[ECO "E47"]
[WhiteElo "2089"]
[BlackElo "1788"]
[Annotator "NA RC"]
[PlyCount "170"]
[EventDate "2019.08.02"]
[EventType "swiss"]
[EventCountry "SVK"]
[SourceTitle "playchess.com"]
[Source "ChessBase"]
[SourceQuality "1"]
[TimeControl "40/5400+30:1800+30"]

1. d4 Nf6 2. c4 e6 3. Nc3 Bb4 4. e3 O-O 5. Bd3 b6 6. Nge2 Bb7 7. O-O d5 8. cxd5 exd5 9. a3 Bd6 10. b4 Nbd7 11. f3 Re8 12. Qc2 c5 13. bxc5 bxc5 14. Rb1 Qc8 15. Nb5 Bf8 16. g4 a6 17. Nbc3 h6 18. Ng3 Qc7 19. Kg2 Rac8 20. Bd2 Nb8 21. h4 Nc6 22. g5 cxd4 23. exd4 Nxd4 24. Qa4 Nxf3 25. Rxf3 d4 26. Rxb7 Qxb7 27. gxf6 dxc3 28. Bxh6 c2 29. fxg7 Bxg7 30. Qg4 Qb2 31. Rf2 c1=Q 32. Bxc1 Qxc1 33. Nf5 Qc6+ 34. Kh2 Qf6 35. Rg2 Qe5+ 36. Kh3 Rc3 37. Qxg7+ Qxg7 38. Rxg7+ Kf8 39. Rg3 Rxa3 40. Kg4 Rd8 41. Be4 Rxg3+ 42. Kxg3 a5 43. h5 a4 44. h6 Kg8 45. Bb1 a3 46. Ba2 Rd2 47. h7+ Kxh7 48. Bxf7 a2 49. Bxa2 Rxa2 50. Kf4 Kg6 51. Ne7+ Kf7 52. Nf5 Kf6 53. Ke4 Ra5 54. Nd4 Re5+ 55. Kf4 Re1 56. Nf3 Ra1 57. Ke4 Ke6 58. Nd4+ Kd6 59. Nf5+ Kc5 60. Ne3 Ra8 61. Kd3 Rd8+ 62. Ke4 Re8+ 63. Kd3 Re5 64. Nc2 Rh5 65. Ne3 Rh4 66. Nc2 Rc4 67. Ne3 Rd4+ 68. Kc3 Rd8 69. Nf5 Kd5 70. Ne3+ Ke4 71. Nc2 Rc8+ 72. Kd2 Rc7 73. Nb4 Rb7 74. Kc3 Rb8 75. Nc2 Rc8+ 76. Kd2 Rc4 77. Na3 Rb4 78. Nc2 Rb3 79. Ne1 Ra3 80. Nc2 Rd3+ 81. Ke2 Rd7 82. Ne1 Rh7 83. Kd2 Rh3 84. Nc2 Rh2+ 85. Kc3 Rxc2+ 1/2-1/2

[Event "EYCC Open-U14 2019"]
[Site "Bratislava"]
[Date "2019.08.10"]
[Round "9.34"]
[White "Dahl, Max"]
[Black "Dzida, Kamil"]
[Result "1/2-1/2"]
[ECO "A45"]
[WhiteElo "1981"]
[BlackElo "1987"]
[Annotator "NA RC"]
[PlyCount "82"]
[EventDate "2019.08.02"]
[EventType "swiss"]
[EventCountry "SVK"]
[SourceTitle "playchess.com"]
[Source "ChessBase"]
[SourceQuality "1"]
[TimeControl "40/5400+30:1800+30"]

1. d4 Nf6 2. Bg5 e6 3. e4 h6 4. Bxf6 Qxf6 5. Nf3 d6 6. c3 Nd7 7. Nbd2 g6 8. Bc4 Bg7 9. Qe2 O-O 10. O-O Rd8 11. Rfe1 e5 12. dxe5 dxe5 13. Nf1 Nc5 14. Rad1 Bg4 15. Ne3 Bxf3 16. Qxf3 Qxf3 17. gxf3 c6 18. Rxd8+ Rxd8 19. Rd1 Rxd1+ 20. Nxd1 Kf8 21. Kf1 Ke7 22. b4 Ne6 23. Bxe6 Kxe6 24. Ne3 Kd6 25. Ke2 h5 26. Kd3 Kc7 27. Nc4 b5 28. Ne3 Bf8 29. Kc2 Be7 30. Ng2 Kb6 31. Kb3 c5 32. f4 exf4 33. Nxf4 Bd6 34. bxc5+ Kxc5 35. Nd3+ Kc6 36. h3 Kd7 37. c4 a6 38. cxb5 axb5 39. Kc3 g5 40. f3 Ke6 41. Kd4 f6 1/2-1/2

[Event "EYCC Open-U14 2019"]
[Site "Bratislava"]
[Date "2019.08.10"]
[Round "9.37"]
[White "Chlpek, Daniel"]
[Black "Ochedzan, Tymon"]
[Result "1/2-1/2"]
[ECO "E90"]
[WhiteElo "1912"]
[BlackElo "2037"]
[Annotator "NA RC"]
[PlyCount "66"]
[EventDate "2019.08.02"]
[EventType "swiss"]
[EventCountry "SVK"]
[SourceTitle "playchess.com"]
[Source "ChessBase"]
[SourceQuality "1"]
[TimeControl "40/5400+30:1800+30"]

1. d4 Nf6 2. c4 g6 3. Nc3 Bg7 4. e4 d6 5. Nf3 O-O 6. h3 Na6 7. Be3 e5 8. d5 Nc5 9. Qc2 a5 10. g4 Ne8 11. Be2 c6 12. O-O-O Qe7 13. Nd2 Nc7 14. Nb3 cxd5 15. cxd5 b6 16. Nxc5 bxc5 17. h4 Na6 18. a3 Rb8 19. h5 Qc7 20. Rh2 c4 21. Rdh1 Nc5 22. hxg6 hxg6 23. Bxc5 Qxc5 24. Qd2 f6 25. Rh8+ Kf7 26. Rxf8+ Kxf8 27. Bd1 Qd4 28. Qe2 Bd7 29. Ba4 Bxa4 30. Nxa4 Rb3 31. Nc3 Kg8 32. Rh3 Rb8 33. a4 Qc5 1/2-1/2

[Event "EYCC Open-U14 2019"]
[Site "Bratislava"]
[Date "2019.08.10"]
[Round "9.38"]
[White "Briem, Benedikt"]
[Black "Fardet, Elouan"]
[Result "1/2-1/2"]
[ECO "E73"]
[WhiteElo "1901"]
[BlackElo "2047"]
[Annotator "NA RC"]
[PlyCount "38"]
[EventDate "2019.08.02"]
[EventType "swiss"]
[EventCountry "SVK"]
[SourceTitle "playchess.com"]
[Source "ChessBase"]
[SourceQuality "1"]
[TimeControl "40/5400+30:1800+30"]

1. d4 Nf6 2. c4 g6 3. Nc3 Bg7 4. e4 d6 5. Be2 O-O 6. Be3 c5 7. d5 e6 8. Nf3 Re8 9. Nd2 exd5 10. cxd5 Bd7 11. f3 b5 12. Qc2 b4 13. Nd1 a5 14. Nc4 Qc7 15. Bf4 Bf8 16. g4 Bc8 17. Nde3 Nbd7 18. Rc1 Ba6 19. Bg3 Nb6 1/2-1/2

[Event "EYCC Open-U14 2019"]
[Site "Bratislava"]
[Date "2019.08.10"]
[Round "9.39"]
[White "Vanduyfhuys, Igor"]
[Black "Paduano, Claudio"]
[Result "1-0"]
[ECO "B33"]
[WhiteElo "1804"]
[BlackElo "2037"]
[Annotator "NA RC"]
[PlyCount "121"]
[EventDate "2019.08.02"]
[EventType "swiss"]
[EventCountry "SVK"]
[SourceTitle "playchess.com"]
[Source "ChessBase"]
[SourceQuality "1"]
[TimeControl "40/5400+30:1800+30"]

1. e4 c5 2. Nf3 Nc6 3. d4 cxd4 4. Nxd4 Nf6 5. Nc3 e5 6. Ndb5 d6 7. Bg5 a6 8. Na3 b5 9. Nd5 Be7 10. Bxf6 Bxf6 11. c4 b4 12. Nc2 a5 13. g3 O-O 14. Bg2 Bg5 15. O-O Ne7 16. b3 Bb7 17. Nce3 Bxe3 18. Nxe3 g6 19. Qd2 Qb6 20. Rfd1 Rfd8 21. Rac1 Qc5 22. Ng4 Kh8 23. Nh6 Kg7 24. Rc2 a4 25. bxa4 Rxa4 26. Ng4 Ng8 27. Ne3 Ne7 28. h4 Bc8 29. Rb2 Be6 30. h5 Nc6 31. Bf3 Nd4 32. Be2 f6 33. hxg6 hxg6 34. Kg2 Rh8 35. Rdb1 Rha8 36. Rh1 g5 37. Bg4 Bxg4 38. Nxg4 Qc6 39. f3 Qxc4 40. Nxf6 Kxf6 41. Rh6+ Ke7 42. Rh7+ Kf6 43. Rh6+ Ke7 44. Rh7+ Ke8 45. Qxg5 R8a7 46. Qg6+ Rf7 47. Qg8+ Ke7 48. Rh8 Nc6 49. Qe8+ Kf6 50. Rh6+ Kg5 51. Rxd6 Rf6 52. f4+ exf4 53. gxf4+ Kxf4 54. Rxf6+ Ke3 55. Qxc6 Qg8+ 56. Kf1 Qh8 57. Re2+ Kd4 58. Rd6+ Ke5 59. Qd5+ Kf4 60. Qf5+ Kg3 61. Rg6+ 1-0

[Event "EYCC Open-U14 2019"]
[Site "Bratislava"]
[Date "2019.08.10"]
[Round "9.40"]
[White "Kures, Michael"]
[Black "Schlegel, Igor"]
[Result "0-1"]
[ECO "B23"]
[WhiteElo "1898"]
[BlackElo "1968"]
[Annotator "NA RC"]
[PlyCount "78"]
[EventDate "2019.08.02"]
[EventType "swiss"]
[EventCountry "SVK"]
[SourceTitle "playchess.com"]
[Source "ChessBase"]
[SourceQuality "1"]
[TimeControl "40/5400+30:1800+30"]

1. e4 c5 2. Nc3 a6 3. a4 Nc6 4. f4 g6 5. Bc4 Bg7 6. Nf3 e6 7. e5 d6 8. exd6 Nf6 9. d3 Qxd6 10. O-O O-O 11. Re1 b6 12. Ne4 Qc7 13. c3 Bb7 14. Qc2 Nd5 15. g3 Rad8 16. Be3 Nxe3 17. Rxe3 Ne7 18. Rd1 Nf5 19. Re2 Nd6 20. Kf2 Bxe4 21. Rxe4 Nxe4+ 22. dxe4 b5 23. Rxd8 Rxd8 24. axb5 axb5 25. Be2 c4 26. e5 f6 27. exf6 Bxf6 28. Qe4 Qc5+ 29. Kg2 Qd5 30. Qe3 Ra8 31. Kf2 Ra1 32. Qb6 Bd8 33. Qb8 Ra8 34. Qe5 Bb6+ 35. Kg2 Qxe5 36. Nxe5 Ra2 37. Bg4 Rxb2+ 38. Kf3 Rc2 39. Bxe6+ Kg7 0-1

[Event "EYCC Open-U14 2019"]
[Site "Bratislava"]
[Date "2019.08.10"]
[Round "9.41"]
[White "Maruntis, Patrik-Robert"]
[Black "Grzesik, Gracjan"]
[Result "1/2-1/2"]
[ECO "B52"]
[WhiteElo "1876"]
[BlackElo "2004"]
[Annotator "NA RC"]
[PlyCount "92"]
[EventDate "2019.08.02"]
[EventType "swiss"]
[EventCountry "SVK"]
[SourceTitle "playchess.com"]
[Source "ChessBase"]
[SourceQuality "1"]
[TimeControl "40/5400+30:1800+30"]

1. e4 c5 2. Nf3 d6 3. Bb5+ Bd7 4. Bxd7+ Qxd7 5. O-O Nc6 6. c3 Nf6 7. Re1 g6 8. d4 cxd4 9. cxd4 Bg7 10. Nc3 O-O 11. Bg5 Rfd8 12. Qd2 Rac8 13. Nd5 Re8 14. Re2 Nh5 15. Nf4 Nxf4 16. Bxf4 b6 17. h3 Qb7 18. Qd3 Na5 19. Rc1 Rxc1+ 20. Bxc1 Rc8 21. Rc2 Rxc2 22. Qxc2 Qc6 23. Qxc6 Nxc6 24. Be3 Kf8 25. Kf1 Ke8 26. Ke2 h6 27. a3 Kd7 28. Kd3 Kc7 29. Nd2 Kb7 30. g4 Kc7 31. f4 e6 32. h4 d5 33. e5 Ne7 34. Nf1 f5 35. exf6 Bxf6 36. Bf2 Kd7 37. Nd2 Kc6 38. Nf3 Kd7 39. Be3 Ke8 40. b4 Kd7 41. b5 h5 42. g5 Bg7 43. Ne1 Nf5 44. Nf3 Kc8 45. Bd2 Kb7 46. Be1 Kc8 {Ke4} 1/2-1/2

[Event "EYCC Open-U14 2019"]
[Site "Bratislava"]
[Date "2019.08.10"]
[Round "9.42"]
[White "Danaci, Ege"]
[Black "Pegno, Mattia"]
[Result "1-0"]
[ECO "B24"]
[WhiteElo "1976"]
[BlackElo "1821"]
[Annotator "NA RC"]
[PlyCount "65"]
[EventDate "2019.08.02"]
[EventType "swiss"]
[EventCountry "SVK"]
[SourceTitle "playchess.com"]
[Source "ChessBase"]
[SourceQuality "1"]
[TimeControl "40/5400+30:1800+30"]

1. e4 c5 2. Nc3 Nc6 3. g3 g6 4. Bg2 Bg7 5. d3 e6 6. Be3 d6 7. f4 Nge7 8. Nf3 O-O 9. O-O Nd4 10. e5 Nec6 11. exd6 Qxd6 12. Ne4 Qe7 13. c3 f5 14. Nxc5 Qxc5 15. cxd4 Nxd4 16. Rc1 Nxf3+ 17. Qxf3 Qb5 18. Rc7 Rf7 19. Rfc1 Rxc7 20. Rxc7 Qxb2 21. Qf2 Qb1+ 22. Bf1 e5 23. fxe5 Bxe5 24. Rc1 Qb4 25. Bc5 Qa4 26. d4 Bg7 27. Bc4+ Kh8 28. d5 b6 29. Bd4 Qd7 30. Re1 Bb7 31. Qb2 Rb8 32. d6 Bc6 33. Re7 1-0

[Event "EYCC Open-U14 2019"]
[Site "Bratislava"]
[Date "2019.08.10"]
[Round "9.43"]
[White "Jares, Michal"]
[Black "Sinitsyn, Anton"]
[Result "1-0"]
[ECO "D02"]
[WhiteElo "1974"]
[BlackElo "1847"]
[Annotator "NA RC"]
[PlyCount "151"]
[EventDate "2019.08.02"]
[EventType "swiss"]
[EventCountry "SVK"]
[SourceTitle "playchess.com"]
[Source "ChessBase"]
[SourceQuality "1"]
[TimeControl "40/5400+30:1800+30"]

1. d4 d5 2. Nf3 Nf6 3. g3 c6 4. Bg2 Bf5 5. O-O e6 6. c4 Nbd7 7. Qb3 Qb6 8. c5 Qxb3 9. axb3 a6 10. b4 h6 11. Nc3 Rc8 12. h4 Be7 13. Bf4 O-O 14. Nd2 Rfd8 15. Nb3 Nf8 16. Na4 Ng6 17. Nb6 Nxf4 18. Nxc8 Nxe2+ 19. Kh1 Rxc8 20. Rfe1 Bc2 21. Rxe2 Bxb3 22. Bh3 Bc4 23. Rxe6 fxe6 24. Bxe6+ Kf8 25. Bxc8 Ne4 26. Kg1 Bf6 27. Bxb7 Bxd4 28. Bxa6 Bxb2 29. Ra5 Bxa6 30. Rxa6 Bd4 31. Rxc6 Bxf2+ 32. Kg2 Bxg3 33. b5 Ke7 34. b6 Kd7 35. Rg6 Kc8 36. c6 Bc7 37. bxc7 Kxc7 38. Rxg7+ Kxc6 39. Rg6+ Kd7 40. Rxh6 Ke7 41. Kf3 Kf7 42. Ra6 Kg7 43. Kf4 Kh7 44. Ke5 Ng3 45. Kxd5 Nf5 46. Ra4 Kg6 47. Ke5 Ng7 48. Rg4+ Kh6 49. Kf6 Ne8+ 50. Kf7 Nd6+ 51. Ke6 Kh5 52. Rg8 Ne4 53. Kf5 Nd6+ 54. Kf4 Nf7 55. Kg3 Nd6 56. Rg5+ Kh6 57. Ra5 Nf7 58. Kg4 Nh8 59. h5 Nf7 60. Ra6+ Kh7 61. Ra7 Kg8 62. Kf5 Kg7 63. h6+ Kg8 64. h7+ Kh8 65. Kf6 Nd6 66. Kg6 Nc8 67. Rb7 Ne7+ 68. Kg5 Nc6 69. Rc7 Ne7 70. Rc5 Kg7 71. h8=Q+ Kxh8 72. Rc7 Nd5 73. Rc5 Ne7 74. Kf6 Ng8+ 75. Kg6 Ne7+ 76. Kf7 1-0

[Event "EYCC Open-U14 2019"]
[Site "Bratislava"]
[Date "2019.08.10"]
[Round "9.44"]
[White "Titze, Leo"]
[Black "Putar, Leon"]
[Result "1-0"]
[ECO "A45"]
[WhiteElo "1919"]
[BlackElo "1742"]
[Annotator "NA RC"]
[PlyCount "93"]
[EventDate "2019.08.02"]
[EventType "swiss"]
[EventCountry "SVK"]
[SourceTitle "playchess.com"]
[Source "ChessBase"]
[SourceQuality "1"]
[TimeControl "40/5400+30:1800+30"]

1. d4 Nf6 2. Bg5 c5 3. d5 Ne4 4. Bf4 Qb6 5. Bc1 g6 6. f3 Nf6 7. e4 d6 8. Nd2 Bg7 9. Nc4 Qc7 10. a4 O-O 11. Ne2 Rd8 12. Nc3 Bd7 13. Be2 Be8 14. O-O Nbd7 15. f4 Nb6 16. Ne3 e6 17. a5 Nc8 18. g4 exd5 19. g5 Nh5 20. Nexd5 Qd7 21. Bg4 Bd4+ 22. Kh1 f5 23. gxf6 Qf7 24. Bxc8 Raxc8 25. Ne7+ Kh8 26. Nxc8 Rxc8 27. Nd5 Bb5 28. Rf3 Qe6 29. Qe1 Bc6 30. c4 Qg4 31. Rf1 Qh3 32. Ra3 Qg4 33. Raf3 Nxf6 34. Bd2 Re8 35. Nxf6 Bxf6 36. h3 Qh5 37. Kh2 Bh4 38. Qd1 Bxe4 39. Re3 Qf5 40. Bc3+ Bf6 41. Qxd6 Bxc3 42. bxc3 Re6 43. Qd2 g5 44. Qd8+ Kg7 45. Qxg5+ Kf7 46. Rfe1 Bf3 47. Qxf5+ 1-0

[Event "EYCC Open-U14 2019"]
[Site "Bratislava"]
[Date "2019.08.10"]
[Round "9.45"]
[White "Bogdanovics, Kirills"]
[Black "Unneland, Mathias"]
[Result "0-1"]
[ECO "E71"]
[WhiteElo "1600"]
[BlackElo "1966"]
[Annotator "NA RC"]
[PlyCount "58"]
[EventDate "2019.08.02"]
[EventType "swiss"]
[EventCountry "SVK"]
[SourceTitle "playchess.com"]
[Source "ChessBase"]
[SourceQuality "1"]
[TimeControl "40/5400+30:1800+30"]

1. d4 Nf6 2. c4 g6 3. Nc3 Bg7 4. e4 d6 5. h3 O-O 6. Nf3 e5 7. d5 a5 8. g4 h5 9. Nh2 hxg4 10. hxg4 Nh7 11. Be3 Na6 12. Qd2 Nc5 13. Be2 Bf6 14. O-O-O Bg5 15. Kb1 Qf6 16. Rdf1 Bf4 17. Nf3 Bxg4 18. Rfg1 Bxe3 19. fxe3 Bxf3 20. Bxf3 Kg7 21. Qg2 Rh8 22. Rh5 Rag8 23. Rf5 Qe7 24. Bh5 Nf8 25. Rgf1 Rh6 26. Qf3 gxf5 27. exf5 Qg5 28. Bg4 Kf6 29. Rg1 Rh4 0-1

[Event "EYCC Open-U14 2019"]
[Site "Bratislava"]
[Date "2019.08.10"]
[Round "9.46"]
[White "Bansal, Saahil"]
[Black "Silva, Pedro Gil Ferreira D"]
[Result "0-1"]
[ECO "E11"]
[WhiteElo "1547"]
[BlackElo "2049"]
[Annotator "NA RC"]
[PlyCount "104"]
[EventDate "2019.08.02"]
[EventType "swiss"]
[EventCountry "SVK"]
[SourceTitle "playchess.com"]
[Source "ChessBase"]
[SourceQuality "1"]
[TimeControl "40/5400+30:1800+30"]

1. d4 Nf6 2. c4 e6 3. Nf3 Bb4+ 4. Nbd2 O-O 5. g3 d5 6. Bg2 dxc4 7. Qa4 Nc6 8. O-O Rb8 9. Ne5 b5 10. Nxc6 bxa4 11. Nxd8 Rxd8 12. Nxc4 Ba6 13. b3 Bxc4 14. bxc4 Bc3 15. Bf4 Bxa1 16. Rxa1 Rxd4 17. Bxc7 Rc8 18. Rb1 Rxc4 19. Bf4 Nd5 20. Bxd5 exd5 21. Rb7 Rc2 22. Rxa7 Rxa2 23. Ra5 a3 24. Bd6 Rxe2 25. Rxa3 h6 26. Rd3 Rcc2 27. Rxd5 Rxf2 28. Bc5 Rg2+ 29. Kf1 Rxh2 30. Kg1 Rhg2+ 31. Kf1 Rxg3 32. Rd8+ Kh7 33. Bd4 Rd3 34. Bf6 Rf3+ 35. Ke1 Rxf6 36. Rd1 Rfc6 37. Rd3 Rc1+ 38. Kd2 R6c2+ 39. Ke3 Rc3 40. Rxc3 Rxc3+ 41. Kf4 g5+ 42. Kg4 Rc4+ 43. Kg3 f5 44. Kf3 Rc3+ 45. Ke2 g4 46. Kf2 f4 47. Kf1 Rc2 48. Ke1 f3 49. Kd1 Re2 50. Kc1 g3 51. Kd1 g2 52. Kc1 g1=Q# 0-1

[Event "EYCC Open-U14 2019"]
[Site "Bratislava"]
[Date "2019.08.10"]
[Round "9.47"]
[White "Schouten, Mathias Lind"]
[Black "Weissenhofer, Jonas"]
[Result "1-0"]
[ECO "B90"]
[WhiteElo "1961"]
[BlackElo "1692"]
[Annotator "NA RC"]
[PlyCount "85"]
[EventDate "2019.08.02"]
[EventType "swiss"]
[EventCountry "SVK"]
[SourceTitle "playchess.com"]
[Source "ChessBase"]
[SourceQuality "1"]
[TimeControl "40/5400+30:1800+30"]

1. e4 c5 2. Nf3 d6 3. d4 cxd4 4. Nxd4 Nf6 5. Nc3 a6 6. h3 e6 7. g4 Be7 8. Bg2 Nc6 9. Nxc6 bxc6 10. e5 Nd5 11. exd6 Bxd6 12. Ne4 Be7 13. c4 Nb6 14. Qxd8+ Bxd8 15. b3 Be7 16. Be3 Nd7 17. Rd1 Bb7 18. Ke2 Rc8 19. f4 h6 20. Nd6+ Bxd6 21. Rxd6 Ke7 22. Rhd1 Rhd8 23. Bf2 g5 24. Be1 Nc5 25. Rxd8 Rxd8 26. Bb4 Rxd1 27. Kxd1 Kd6 28. fxg5 hxg5 29. Ke2 f5 30. gxf5 exf5 31. Ke3 a5 32. Ba3 a4 33. Kd4 axb3 34. Bxc5+ Ke6 35. axb3 g4 36. h4 f4 37. Ke4 f3 38. Bf1 Bc8 39. Kf4 Kf6 40. Bd4+ Kg6 41. Bd3+ Kh5 42. Bf2 Be6 43. Ke4 1-0